 Dungeon Crawl Stone Soup version 0.28.0-53-g5a82cb258f (webtiles) character file.

Game seed: 74808846383211490

37614 Nyth the Tortoise (level 13, -4/137 HPs)
             Began as a Minotaur Berserker on Aug 12, 2022.
             Was an Elder of Trog.
             Drowned by a quicksilver ooze (7 damage)
             ... on level 2 of the Pits of Slime.
             The game lasted 00:52:05 (15634 turns).

Nyth the Tortoise (Minotaur Berserker)             Turns: 15634, Time: 00:52:06

Health: -4/137     AC: 17    Str: 30    XL:     13   Next: 59%
Magic:  12/12      EV: 19    Int:  6    God:    Trog [****..]
Gold:   957        SH:  0    Dex: 15    Spells: 12/12 levels left

rFire   + . .      SeeInvis .   o - +7 mace "Ybuxixt" {drain, Fragile +Blink Str+2}
rCold   + + .      Faith    .   (no shield)
rNeg    + . .      Spirit   .   t - +2 ring mail of Heufailo {-Cast +Inv rElec Stlth-}
rPois   +          Reflect  .   (helmet restricted)
rElec   +          Harm     .   m - scarf {rC+ rF+}
rCorr   .          Rampage  .   q - +1 pair of gloves
Will    .....      NoCast   +   K - +2 pair of boots
Stlth   ++........              D - amulet of the acrobat
HPRegen 0.32/turn               j - ring of Erowkuj {rC+ rN+ EV+4 Int+2 Stlth+}
MPRegen 0.13/turn               p - +6 ring of strength

@: engulfed (cannot breathe), on berserk cooldown, slowed, very slow
A: horns 2, retaliatory headbutt, poison resistance, robust 1, MP-powered wands
a: Renounce Religion, Evoke Blink, Evoke Invisibility, Berserk, Trog's Hand,
Brothers in Arms


You were on level 2 of the Pits of Slime.
You worshipped Trog.
Trog was greatly pleased with you.
You visited 3 branches of the dungeon, and saw 16 of its levels.

You collected 957 gold pieces.

Inventory:

Hand Weapons
 b - the +7 hand axe "Unwa" {flame, rElec}
   (You found it on level 8 of the Dungeon)

   It burns those it strikes, dealing additional fire damage.
   Big, fiery blades are also staple armaments of hydra-hunters.
   rElec:     It insulates you from electricity.
 o - the +7 mace "Ybuxixt" (weapon) {drain, Fragile +Blink Str+2}
   (You found it on level 7 of the Dungeon)

   A truly terrible weapon, it drains the life of any living foe it strikes.
   Str:       It affects your strength (+2).
   +Blink:    It lets you blink.
   Fragile:   It will be destroyed if unequipped.
 x - a +0 demon whip of draining
Armour
 h - a +0 cloak of preservation
 m - a scarf of resistance (worn)
 q - a +1 pair of gloves (worn)
 s - a +1 chain mail
 t - the +2 ring mail of Heufailo (worn) {-Cast +Inv rElec Stlth-}
   (You found it on level 4 of the Dungeon)

   rElec:     It insulates you from electricity.
   +Inv:      It lets you turn invisible.
   -Cast:     It prevents spellcasting.
   Stlth:     It makes you less stealthy.
 K - a +2 pair of boots (worn)
Magical Staves
 c - a staff of cold
 f - a staff of conjuration
Jewellery
 i - a ring of protection from cold
 j - the ring of Erowkuj (left hand) {rC+ rN+ EV+4 Int+2 Stlth+}
   (You found it on level 2 of the Dungeon)

   [ring of evasion]

   EV:        It affects your evasion (+4).
   Int:       It affects your intelligence (+2).
   rC:        It protects you from cold.
   rN:        It protects you from negative energy.
   Stlth:     It makes you more stealthy.
 n - an amulet of regeneration
 p - a +6 ring of strength (right hand)
 D - an amulet of the acrobat (around neck)
 F - the amulet of the Traitor {Acrobat Str+2 Int+4}
   (You found it on level 5 of the Lair of Beasts)

   [amulet of the acrobat]

   It increases your evasion while moving and waiting.
   Str:       It affects your strength (+2).
   Int:       It affects your intelligence (+4).
Wands
 d - a wand of charming (2)
 l - a wand of flame (26)
 u - a wand of paralysis (14)
 w - a wand of acid (7)
 y - a wand of polymorph (3)
Scrolls
 a - 3 scrolls of enchant weapon
 g - 13 scrolls of identify
 v - a scroll of holy word
 B - 3 scrolls of teleportation
 C - a scroll of noise
 E - a scroll of amnesia
 H - a scroll of fear
 J - a scroll of blinking
Potions
 e - a potion of attraction
 k - 2 potions of mutation
 r - 3 potions of flight
 A - 2 potions of heal wounds
 I - a potion of haste
 L - 2 potions of ambrosia
Miscellaneous
 G - a piece from Xom's chessboard (15/15)


   Skills:
 * Level 14.9 Fighting
 + Level 15.3 Maces & Flails
 * Level 16.4 Armour
 * Level 8.5 Dodging
 + Level 3.1 Stealth


You had 12 spell levels left.
You didn't know any spells.
Your spell library contained the following spells:

 Spells                   Type           Power      Damage    Failure   Level
 Foxfire                  Conj/Fire      0%         2x1d4     54%         1
 Ensorcelled Hibernation  Hex/Ice        0%         N/A       67%         2
 Passwall                 Tmut/Erth      0%         N/A       67%         2
 Static Discharge         Conj/Air       0%         N/A       67%         2
 Conjure Flame            Conj/Fire      0%         6-21      88%         3
 Ignite Poison            Fire/Tmut/Pois 0%         N/A       88%         3
 Inner Flame              Hex/Fire       0%         N/A       88%         3
 Swiftness                Air            0%         N/A       88%         3
 Dispel Undead            Necr           0%         3d6       99%         4
 Flame Wave               Conj/Fire      0%         2d4       99%         4
 Sticky Flame             Conj/Fire      0%         2d3       99%         4


Dungeon Overview and Level Annotations

Branches:
Dungeon (9/15)             Temple (0/1) D:7            Lair (6/6) D:9
  Slime (2/5) Lair:6
  Swamp: Lair:2-4    Shoals: Lair:2-4     Snake: Lair:2-4    Spider: Lair:2-4
    Orc: D:9-12

Altars:
Fedhas
Jiyva


Innate Abilities, Weirdness & Mutations

You have a pair of horns on your head.
You reflexively headbutt those who attack you in melee.
Your system is resistant to poisons. (rPois)
You are robust. (+10% HP)
You expend magic power (3 MP) to strengthen your wands.


Message History

You feel your anger nearly subside.
You are no longer berserk.
You are exhausted.
You feel yourself slow down.
The shining eye turns its gaze towards you.
The quicksilver ooze hits you!!
* * * LOW HITPOINT WARNING * * *
The quicksilver ooze misses you. The walls burn your ogre!
Your ogre dies!
Your ogre's corpse disappears in a puff of smoke!
The quicksilver ooze closely misses you.
The quicksilver ooze completely misses you.
You feel better. The quicksilver ooze hits you.
The quicksilver ooze engulfs you!
The quicksilver ooze hits you but does no damage.
The slime creature hits you.
* * * LOW HITPOINT WARNING * * *
The quicksilver ooze hits you!
* * * LOW HITPOINT WARNING * * *
The quicksilver ooze barely misses you.
A shining eye comes into view.
The slime creature hits you!
* * * LOW HITPOINT WARNING * * *
You cannot read scrolls while unable to breathe!
You hit the slime creature. You drain the slime creature.
You headbutt the slime creature!
The slime creature is moderately wounded.
* * * LOW HITPOINT WARNING * * *
Your lungs strain for air!
The quicksilver ooze hits you!
* * * LOW HITPOINT WARNING * * *
The quicksilver ooze hits you but does no damage.
The slime creature hits you but does no damage.
The slime creature misses you. You furiously retaliate!
You headbutt the slime creature!
Two slime creatures merge to form a large slime creature.
The quicksilver ooze barely misses you.
The quicksilver ooze hits you but does no damage.
You sock the slime creature!
The slime creature is heavily wounded.
You die...

...#... #.#.#....####
...#... ##...........#
.....> #....#..#.....
..... #.............
#⌠.. #............. .
##..###..........##
...#..§.§#.......<...#.
.....#..§.§...<.......#
......J@.#..<..........
.#...#JJJ#..^..........
.G.......##........#...
##...#..G###...........
..........#............
#...#...##.............
...##..###......#......
... ... #.............
.....#....>..


You could see a large slime creature, 2 slime creatures, 2 shining eyes and a
quicksilver ooze.

Vanquished Creatures
  An azure jelly (Slime:1)
  A rockslime (Slime:1)
  A quicksilver ooze (Slime:1)
  The ghost of Yduoqezo the Blocker, a journeyman TrBe of Trog (Lair:6)
  A catoblepas (Lair:2)
  4 hydras
  7 death yaks
  7 elephants
  5 black mambas
  An eye of devastation (Slime:1)
  6 cane toads
  6 rime drakes
  2 komodo dragons
  A queen bee (Lair:6)
  5 hornets (Lair:6)
  4 polar bears
  2 meliai (Lair:6)
  A dream sheep (Lair:6)
  8 blink frogs
  13 slime creatures
  16 yaks
  14 spriggans (Lair:6)
  2 wyverns
  A vampire (D:7)
  3 basilisks
  5 water moccasins
  2 sky beasts (D:3)
  An ogre (D:5)
  4 black bears
  3 orc warriors
  5 boggarts (Lair:6)
  2 necrophages (D:6)
  32 wolves
  A centaur (D:8)
  A phantom (D:6)
  6 bullfrogs
  A wyvern zombie (D:7)
  2 scorpions
  2 water moccasin skeletons
  6 killer bees (Lair:6)
  5 wights (D:8)
  2 electric eels
  4 howler monkeys (D:7)
  A centaur zombie (D:5)
  3 hounds
  A jelly (D:6)
  2 bullfrog skeletons
  A gnoll shaman (D:6)
  2 orc priests
  A centaur skeleton (D:6)
  Natasha (D:2)
  An iguana (D:5)
  11 orc wizards
  2 howler monkey zombies
  3 gnolls (D:6)
  6 adders
  2 howler monkey skeletons
  2 shadow imps
  3 dart slugs
  33 orcs
  6 ball pythons
  2 endoplasms
  2 giant cockroaches
  5 hobgoblins
  5 jackals
  7 kobolds
  A quokka (D:3)
  4 bats
  5 frilled lizards
  5 goblins
  3 rats
  A plant (Lair:4)
318 creatures vanquished.

Vanquished Creatures (collateral kills)
  2 slime creatures (Slime:2)
2 creatures vanquished.

Vanquished Creatures (others)
  25 fungi
  24 plants
49 creatures vanquished.

Grand Total: 369 creatures vanquished

Notes
Turn   | Place    | Note
-------+----------+-------------------------------------------
     0 | D:1      | Nyth the Minotaur Berserker began the quest for the Orb.
     0 | D:1      | Reached XP level 1. HP: 19/19 MP: 0/0
   334 | D:1      | Reached XP level 2. HP: 27/27 MP: 1/1
   981 | D:2      | Reached XP level 3. HP: 33/33 MP: 2/2
   984 | D:2      | Identified the ring of Erowkuj {rC+ rN+ EV+4 Int+2 Stlth+}
  1214 | D:2      | Noticed Natasha
  1221 | D:2      | Killed Natasha
  1699 | D:2      | Reached XP level 4. HP: 39/40 MP: 3/3
  1724 | D:2      | Reached ** piety under Trog
  1725 | D:2      | Reached skill level 5 in Maces & Flails
  1777 | D:3      | Noticed a sky beast
  1846 | D:3      | Found a blossoming altar of Fedhas.
  1863 | D:3      | Noticed a sky beast
  1868 | D:3      | Killed a sky beast
  1869 | D:3      | Reached skill level 3 in Armour
  1869 | D:3      | Reached XP level 5. HP: 47/47 MP: 4/4
  2167 | D:3      | Killed a sky beast
  2168 | D:3      | Reached XP level 6. HP: 53/53 MP: 5/5
  3548 | D:4      | Reached skill level 1 in Stealth
  3555 | D:4      | Reached skill level 4 in Armour
  3790 | D:4      | Identified the +2 ring mail of Heufailo {-Cast +Inv rElec
                  | Stlth-}
  4016 | D:4      | Gained mutation: You have hidden genetic potential. [potion
                  | of mutation]
  4016 | D:4      | Gained mutation: Your system is resistant to poisons.
                  | (rPois) [potion of mutation]
  4426 | D:5      | Entered Level 5 of the Dungeon
  4460 | D:5      | Reached XP level 7. HP: 60/60 MP: 6/6
  4611 | D:5      | Reached skill level 5 in Armour
  4639 | D:5      | Reached skill level 5 in Fighting
  5130 | D:5      | Gained mutation: You expend magic power (3 MP) to
                  | strengthen your wands. [hidden potential]
  5713 | D:6      | Reached skill level 6 in Armour
  5713 | D:6      | Reached XP level 8. HP: 69/69 MP: 7/7
  5833 | D:6      | Gained mutation: You are robust. (+10% HP) [hidden
                  | potential]
  5833 | D:6      | Lost mutation: You have hidden genetic potential. [hidden
                  | potential expressed]
  6167 | D:6      | Reached skill level 7 in Armour
  6255 | D:6      | Identified a scroll of acquirement
  6255 | D:6      | Acquired a scarf of resistance
  6615 | D:7      | Reached *** piety under Trog
  6798 | D:7      | Found a staircase to the Ecumenical Temple.
  6811 | D:7      | Reached XP level 9. HP: 85/85 MP: 8/8
  6813 | D:7      | Identified the +7 mace "Ybuxixt" {drain, Fragile +Blink
                  | Str+2}
  7010 | D:7      | Reached skill level 8 in Armour
  7173 | D:7      | Reached skill level 10 in Maces & Flails
  7648 | D:8      | Identified the +7 hand axe "Unwa" {flame, rElec}
  7983 | D:8      | Noticed a seven-headed hydra
  7992 | D:8      | Killed a seven-headed hydra
  8243 | D:9      | Noticed an elephant
  8273 | D:9      | Killed an elephant
  8274 | D:9      | Reached skill level 9 in Armour
  8274 | D:9      | Reached XP level 10. HP: 99/99 MP: 9/9
  8432 | D:9      | Found a staircase to the Lair.
  8465 | Lair:1   | Entered Level 1 of the Lair of Beasts
  8466 | Lair:1   | Noticed a cane toad
  8475 | Lair:1   | Killed a cane toad
  8681 | Lair:1   | Noticed a black mamba
  8688 | Lair:1   | Killed a black mamba
  8900 | Lair:1   | Noticed a black mamba
  8907 | Lair:1   | Killed a black mamba
  8993 | Lair:1   | Reached skill level 10 in Armour
  9886 | Lair:2   | Noticed a catoblepas
  9901 | Lair:2   | Killed a catoblepas
  9902 | Lair:2   | Reached skill level 10 in Fighting
  9904 | Lair:2   | You fall into a shaft and drop 2 floors!
  9974 | Lair:4   | Noticed a black mamba
  9976 | Lair:4   | Noticed an eight-headed hydra
  9979 | Lair:4   | Killed a black mamba
  9980 | Lair:4   | Reached XP level 11. HP: 101/110 MP: 10/10
  9993 | Lair:4   | Killed an eight-headed hydra
 10067 | Lair:4   | Noticed a death yak
 10067 | Lair:4   | Noticed a death yak
 10067 | Lair:4   | Noticed a death yak
 10077 | Lair:4   | Killed a death yak
 10084 | Lair:4   | Killed a death yak
 10085 | Lair:4   | Reached skill level 11 in Armour
 10085 | Lair:4   | Reached skill level 5 in Dodging
 10089 | Lair:4   | Killed a death yak
 10358 | Lair:4   | Noticed a five-headed hydra
 10366 | Lair:4   | Killed a five-headed hydra
 10567 | Lair:4   | Noticed an eight-headed hydra
 10574 | Lair:4   | Killed an eight-headed hydra
 10706 | Lair:4   | Reached skill level 12 in Armour
 11181 | Lair:5   | Identified the amulet of the Traitor {Acrobat Str+2 Int+4}
 11361 | Lair:5   | Noticed a death yak
 11362 | Lair:5   | Noticed a death yak
 11363 | Lair:5   | Noticed a death yak
 11364 | Lair:5   | Noticed a death yak
 11371 | Lair:5   | Killed a death yak
 11375 | Lair:5   | Killed a death yak
 11376 | Lair:5   | Reached skill level 13 in Armour
 11376 | Lair:5   | Reached XP level 12. HP: 123/123 MP: 11/11
 11388 | Lair:5   | Killed a death yak
 11392 | Lair:5   | Killed a death yak
 12304 | Lair:6   | Entered Level 6 of the Lair of Beasts
 12392 | Lair:6   | Reached **** piety under Trog
 12399 | Lair:6   | Reached skill level 14 in Armour
 13097 | Lair:6   | Reached skill level 15 in Armour
 13387 | Lair:6   | Reached skill level 15 in Maces & Flails
 13632 | Lair:6   | Reached XP level 13. HP: 134/134 MP: 12/12
 13825 | Lair:6   | Found a staircase to the Slime Pits.
 13827 | Lair:6   | Found a viscous altar of Jiyva.
 13946 | Lair:6   | Noticed Yduoqezo's ghost (journeyman TrBe)
 13961 | Lair:6   | Found a transporter.
 13966 | Lair:6   | Found a transporter.
 14531 | Lair:6   | Killed Yduoqezo's ghost
 14547 | Lair:6   | Reached ***** piety under Trog
 14884 | Slime:1  | Entered Level 1 of the Pits of Slime
 14884 | Slime:1  | Noticed a rockslime
 14894 | Slime:1  | Killed a rockslime
 14896 | Slime:1  | Noticed a quicksilver ooze
 15177 | Slime:1  | Noticed an azure jelly
 15184 | Slime:1  | Killed an azure jelly
 15185 | Slime:1  | Reached skill level 16 in Armour
 15188 | Slime:1  | Killed a quicksilver ooze
 15623 | Slime:2  | Noticed a quicksilver ooze
 15633 | Slime:2  | HP: 3/137 [quicksilver ooze (7)]
 15634 | Slime:2  | Drowned by a quicksilver ooze

Illustrated notes

Levels and vault maps discovered:
D:1:      dpeg_arrival_tiny_j, layout_loops_ring
D:2:      layout_basic, uniq_natasha
D:3:      layout_basic, mainiacjoe_overflow_tiny_flanked, serial_rivers,
          chequers_serial_rivers_micro_c, chequers_serial_rivers_micro_b,
          chequers_serial_rivers_micro_e, chequers_serial_rivers_small_b,
          chequers_serial_rivers_small_b
D:4:      layout_rooms, hangedman_decor_growths
D:5:      layout_loops_corners, nicolae_elevator_lobby_plus
D:6:      layout_gridville
D:7:      layout_loops_cross, minmay_temple_entry_offerings,
          minmay_misc_feat_chi
D:8:      layout_loops_corners
D:9:      layout_basic, david_lair_generic, hiddenorc1_lemuel,
          minmay_splitting_lines, chequers_arboretum
Lair:1:   layout_cave_pods, beast_lair_carwin_8, serial_bayou_shore_b,
          grunt_megastairs_5, serial_bayou_shore_a
Lair:2:   layout_regular_city, elwin_shoals_entry_stream, serial_bayou_pond_a,
          minivault_24, nicolae_quartered_pool_impasse,
          small_statue_intersection, serial_bayou_lake_a, lemuel_fruit_fields
Lair:4:   layout_roguey, pond
Lair:5:   layout_cave_pods
Lair:6:   minmay_lair_end_enchanted_forest, layout_small_grid, slime_altar_1,
          gammafunk_ghost_hive, patterned_corridor, lemuel_fruit_fields
Slime:1:  layout_caves
Slime:2:  cheibrodos_slime_lost_civilization_8, layout_caves

Skill      XL: |  1  2  3  4  5  6  7  8  9 10 11 12 13 |
---------------+----------------------------------------+-----
Maces & Flails | 4 5 6 8 9 12 13 14 15 | 15.3
Fighting       | 4 5 6 8 10 12 13 14 | 14.9
Armour         | 3 4 6 7 9 10 13 15 16 | 16.4
Dodging        | 3 4 6 7 8 |  8.5
Stealth        | 1 2 3 |  3.1

Action                   |  1- 3 |  4- 6 |  7- 9 | 10-12 | 13-15 || total
-------------------------+-------+-------+-------+-------+-------++-------
Melee: Mace              |    65 |   107 |   228 |   420 |   164 ||   984
       Headbutt          |     8 |    14 |    41 |   100 |    55 ||   218
       Punch             |       |       |     1 |     5 |     1 ||     7
Invok: Berserk           |     1 |     6 |     9 |    14 |     5 ||    35
       Brothers in Arms  |       |       |       |       |     1 ||     1
  Use: Potion            |       |     6 |     3 |     6 |     1 ||    16
       Scroll            |       |     3 |     5 |     6 |       ||    14
 Stab: Sleeping          |     1 |       |       |       |       ||     1
Armor: Ring mail         |    13 |    17 |       |       |     8 ||    38
       Leather armour    |     3 |       |       |       |       ||     3
       Chain mail        |       |    19 |   141 |   144 |    61 ||   365
Dodge: Dodged            |    39 |    81 |   182 |   294 |   156 ||   752
